 Dungeon Crawl Stone Soup version 0.31-a0-128-g25add195a6 (webtiles) character file.

Game seed: 4790693225298338011

102 voltaire321 the Insei (level 4, -6/33 HPs)
             Began as a Merfolk Transmuter on June 1, 2023.
             Mangled by an orc
             ... wielding a +0 flail
              (7 damage)
             ... on level 3 of the Dungeon.
             The game lasted 00:07:22 (2344 turns).

voltaire321 the Insei (Merfolk Transmuter)          Turns: 2344, Time: 00:07:24

Health: -6/33      AC:  4    Str: 10    XL:     4   Next: 77%
Magic:  5/7        EV: 13    Int: 12    God:
Gold:   104        SH:  0    Dex: 16    Spells: 1/7 levels left

rFire   . . .        h - +0 falchion
rCold   . . .        (no shield)
rNeg    . . .        a - +0 robe
rPois   .            l - +2 hat
rElec   .            (no cloak)
rCorr   .            (no gloves)
SInv    .            (no boots)
Will    .....        (no amulet)
Stlth   +            (no ring)
HPRegen 0.25/turn    (no ring)
MPRegen 0.10/turn

%: no passive effects
@: wereblooded
A: (nimble swimmer 2), mertail
a: no special abilities


You were on level 3 of the Dungeon.
You visited 1 branch of the dungeon, and saw 3 of its levels.

You collected 104 gold pieces.

Inventory:

Hand Weapons
 h - a +0 falchion (weapon)
Armour
 a - a +0 robe (worn)
 l - a +2 hat (worn)
Scrolls
 c - 3 scrolls of fog {unknown}
 d - 6 scrolls of identify {unknown}
 g - 2 scrolls of immolation {unknown}
 i - a scroll of summoning {unknown}
 j - 3 scrolls of teleportation {unknown}
 k - a scroll of noise {unknown}
 m - 2 scrolls of amnesia {unknown}
 n - a scroll of blinking {unknown}
 o - a scroll of vulnerability {unknown}
 p - a scroll of poison {unknown}
Potions
 b - a potion of lignification
 e - a potion of ambrosia {unknown}
 f - 4 potions of curing {unknown}


   Skills:
 + Level 2.0 Fighting
 + Level 1.1 Armour
 + Level 3.5 Dodging
 + Level 3.8 Unarmed Combat
 + Level 2.3 Spellcasting
 + Level 3.5 Transmutations
 + Level 0.5 Poison Magic


You had one spell level left.
You knew the following spells:

 Your Spells              Type           Power      Damage    Failure   Level
a - Beastly Appendage     Tmut           18%        N/A       6%          1
b - Wereblood             Tmut           9%         N/A       10%         2
c - Spider Form           Tmut/Pois      6%         N/A       34%         3

Your spell library contained the following spells:

 Spells                   Type           Power      Damage    Failure   Level
 Magic Dart               Conj           4%         1d3       26%         1
 Shock                    Conj/Air       4%         1d3       26%         1
 Searing Ray              Conj           2%         2d4       36%         2
 Swiftness                Air            1%         N/A       61%         3
 Ice Form                 Ice/Tmut       5%         N/A       77%         4
 Airstrike                Air            0%         2d(1-17)  95%         4
 Fulminant Prism          Conj/Hex       0%         3d5       95%         4


Dungeon Overview and Level Annotations

Branches:
Dungeon (3/15)

Altars:

Annotations:
D:3 2 transporters, deremet's ghost, amateur GrEE


Innate Abilities, Weirdness & Mutations

((You are very nimble when in or above water. (Stealth+, EV+, Speed+++)))
Your lower body shifts to a powerful aquatic tail in water.


Message History

The orc hits you with a +0 dagger.
You slash the orc!
You feel a bit better.
You kill the orc!
The orc barely misses you. The orc priest misses you.
Things that are here:
a +0 dagger; a +0 leather armour; an orc corpse You closely miss the orc priest.
You howl as the wereblood boils in your veins!
The orc hits you with a +0 flail. The orc priest hits you with a +0 whip.
The orc barely misses you.
You hit the orc priest.
The orc priest is moderately wounded.
The orc hits you with a +0 flail. The orc priest closely misses you.
The orc hits you with a +0 hand axe.
You closely miss the orc priest.
The orc priest is moderately wounded.
The orc hits you but does no damage. The orc hits you with a +0 hand axe.
The orc priest completely misses you.
Your magical contamination has completely faded away.
You barely miss the orc priest.
The orc priest is moderately wounded.
You howl as the wereblood boils in your veins!
The orc barely misses you. The orc hits you with a +0 hand axe.
The orc priest hits you with a +0 whip. The orc priest barely misses you.
The orc hits you with a +0 hand axe. The orc closely misses you.
You hit the orc priest.
The orc priest is heavily wounded.
The orc completely misses you. The orc closely misses you.
The orc priest hits you with a +0 whip.
* * * LOW HITPOINT WARNING * * *
You hit the orc.
The orc is heavily wounded.
The orc hits you with a +0 flail.
* * * LOW HITPOINT WARNING * * *
The orc misses you. The orc priest hits you with a +0 whip.
* * * LOW HITPOINT WARNING * * *
You hit the orc but do no damage.
The orc is heavily wounded.
The orc hits you with a +0 flail!
You die...

#.# ##.# #... #..#
#... #..# #)(# #..#
#..# #oo# #..# #.@#
#..# #o.# #..#
#####..##### ##..##
#..........# #...#.
#.###..###.# #..#..
#..# #.# #..##.
#..###.## #..##.
#<......# #..##.
##.###.†######..##.


You could see an orc priest and 2 orcs.

Vanquished Creatures
  Ijyb (D:3)
  An adder (D:2)
  A worm (D:2)
  A dart slug (D:1)
  An orc (D:3)
  5 bats
  3 endoplasms
  5 giant cockroaches
  6 goblins
  7 hobgoblins
  6 kobolds
  4 quokkas
  5 ball pythons
  6 frilled lizards
  6 rats
58 creatures vanquished.

Vanquished Creatures (others)
  A hobgoblin (D:3)
1 creature vanquished.

Grand Total: 59 creatures vanquished

Notes
Turn   | Place    | Note
-------+----------+-------------------------------------------
     0 | D:1      | voltaire321 the Merfolk Transmuter began the quest for the
                  | Orb.
     0 | D:1      | Reached XP level 1. HP: 15/15 MP: 3/3
   140 | D:1      | Reached XP level 2. HP: 19/21 MP: 3/5
   472 | D:1      | Reached XP level 3. HP: 26/26 MP: 6/6
   954 | D:2      | Learned a level 2 spell: Wereblood
  1252 | D:2      | Learned a level 3 spell: Spider Form
  1429 | D:2      | Reached skill level 1 in Armour
  1429 | D:2      | Reached XP level 4. HP: 33/33 MP: 7/7
  1778 | D:2      | Found a faded altar of an unknown god.
  1883 | D:3      | Found a transporter.
  1887 | D:3      | Noticed deremet's ghost (amateur GrEE)
  2004 | D:3      | Found a transporter.
  2224 | D:3      | Noticed Ijyb
  2239 | D:3      | Killed Ijyb
  2343 | D:3      | HP: 1/33 [orc priest/+0 whip (5)]
  2344 | D:3      | Mangled by an orc

Illustrated notes

Levels and vault maps discovered:
D:1:      minmay_arrival_three_doors, layout_loops_ring, minmay_heptomino_o4
D:2:      layout_loops_ring, dreamdust_ecumenical_altar_hidden_monk_grotto
D:3:      layout_loops_ring, mainiacjoe_overflow_two_lobes,
          gammafunk_ghost_stat_death, uniq_ijyb, uniq_crazy_yiuf_cottage

Skill      XL: |  1  2  3  4 |
---------------+-------------+-----
Transmutations | 3 |  3.5
Dodging        | 3 |  3.5
Armour         | 1 |  1.1
Fighting       | 2 |  2.0
Unarmed Combat | |  3.8
Spellcasting   | |  2.3
Poison Magic   | |  0.5

Action                     |  1- 3 |  4- 6 || total
---------------------------+-------+-------++-------
  Melee: Unarmed           |    38 |       ||    38
         Headbutt          |     9 |     1 ||    10
         Dagger            |    13 |       ||    13
         Falchion          |    85 |    40 ||   125
         Punch             |     2 |       ||     2
   Cast: Beastly Appendage |    16 |     3 ||    19
         Wereblood         |     1 |     3 ||     4
   Stab: Sleeping          |     2 |       ||     2
 Armour: Robe              |    31 |     4 ||    35
  Dodge: Dodged            |   132 |    38 ||   170

Table legend: (Time is in decaauts)
 A = Elapsed time spent in this place.
 B = Non-inter-level travel time spent in this place.
 C = Inter-level travel time spent in this place.
 D = Time resting spent in this place.
 E = Time spent auto-exploring this place.
 F = Levels seen in this place.
 G = Mean time per level.
                   A        B        C        D        E       F      G
               +--------+--------+--------+--------+--------+-----+--------+
         Total |   2376 |   2322 |     54 |    379 |   1368 |   3 |  792.0 |
       Dungeon |   2376 |   2322 |     54 |    379 |   1368 |   3 |  792.0 |
               +--------+--------+--------+--------+--------+-----+--------+

Top non-repeatable levels by time:
     D:1: 926 daAuts
     D:2: 918 daAuts
     D:3: 531 daAuts
